EVO
UNIVERSITY OF ILLINOIS FIGHTING ILLINI @ OHIO STATE UNIVERSITY BUCKEYES
08/02/2049
 
TOP OF THE 1ST
University of Illinois Fighting Illini batting - Pitching for Ohio State University Buckeyes : LHP Omar Garcia
Pitching: LHP Omar Garcia
Batting: SHB Ryan Marsh 0-0: Ball
1-0: Ball
2-0: Swinging Strike
2-1: Ball
3-1: Called Strike
3-2: Base on Balls
Batting: RHB James Lewis 0-0: Ball
1-0: Fielders Choice at 2nd, 6-4 (Groundball, 6S, EV 85.6 MPH)
Batting: LHB Stuart Parker 0-0: Ball
1-0: Called Strike
1-1: Swinging Strike
Balk!
James Lewis to second
1-2: Ball
2-2: Strikes out swinging
Batting: RHB D.J. Sheldon 0-0: Called Strike
0-1: Ball
1-1: Swinging Strike
1-2: Foul Ball, location: 2F
1-2: Fly out, F9 (Flyball, 9D, EV 100.0 MPH)
Top of the 1st over - 0 runs, 0 hits, 0 errors, 1 left on base; University of Illinois 0 - Ohio State University 0
BOTTOM OF THE 1ST
Ohio State University Buckeyes batting - Pitching for University of Illinois Fighting Illini : RHP Luis Pena
Pitching: RHP Luis Pena
Batting: LHB Anthony Ross 0-0: Ball
1-0: Called Strike
1-1: Ball
2-1: Ground out 2-3 (Groundball, 15S, EV 66.9 MPH)
Batting: LHB Zach Brandt 0-0: Ball
1-0: Called Strike
1-1: SINGLE (Flyball, 5D, EV 96.9 MPH)
Batting: RHB Tristan Gimple 0-0: Called Strike
0-1: Foul Ball, location: 2F
0-2: Ball
1-2: Ball
Wild Pitch!
Zach Brandt to second
2-2: Strikes out swinging
Batting: RHB David Guillen 0-0: Foul Ball, location: 2F
0-1: Ball
1-1: Ground out 5-3 (Groundball, 5, EV 98.8 MPH)
Bottom of the 1st over - 0 runs, 1 hit, 0 errors, 1 left on base; University of Illinois 0 - Ohio State University 0
TOP OF THE 2ND
University of Illinois Fighting Illini batting - Pitching for Ohio State University Buckeyes : LHP Omar Garcia
Batting: RHB Lance Borgen 0-0: Ball
1-0: Ball
2-0: Called Strike
2-1: Ball
3-1: Called Strike
3-2: Foul Ball, location: 2F
3-2: Fly out, F3 (Popup, 3S, EV 66.2 MPH)
Batting: RHB Matt Lapthorne 0-0: Ball
1-0: Ball
2-0: Called Strike
2-1: SINGLE (Line Drive, 7S, EV 107.5 MPH)
Batting: RHB Omar Cruz 0-0: Swinging Strike
0-1: Swinging Strike
0-2: Strikes out swinging
Batting: RHB Joe Kirschner 0-0: Called Strike
0-1: Swinging Strike
0-2: Strikes out swinging
Top of the 2nd over - 0 runs, 1 hit, 0 errors, 1 left on base; University of Illinois 0 - Ohio State University 0
BOTTOM OF THE 2ND
Ohio State University Buckeyes batting - Pitching for University of Illinois Fighting Illini : RHP Luis Pena
Batting: LHB Chris Perry 0-0: Ball
1-0: Ball
2-0: Foul Ball, location: 2F
2-1: Foul Ball, location: 2F
2-2: Ground out U3 (Groundball, 3L, EV 99.4 MPH)
Batting: RHB Bo Wu 0-0: Ball
1-0: Foul Ball, location: 2F
1-1: Fly out, F7 (Flyball, 7LSF, EV 86.9 MPH)
Batting: LHB Adam Simpson 0-0: Called Strike
0-1: Ball
1-1: Ball
2-1: SINGLE (Groundball, 4MD, EV 103.1 MPH)
Batting: RHB Joe Costner 0-0: Foul Ball, location: 2F
0-1: Ball
1-1: Ground out 4-3 (Groundball, 13, EV 79.4 MPH)
Bottom of the 2nd over - 0 runs, 1 hit, 0 errors, 1 left on base; University of Illinois 0 - Ohio State University 0
TOP OF THE 3RD
University of Illinois Fighting Illini batting - Pitching for Ohio State University Buckeyes : LHP Omar Garcia
Batting: RHB Bobby Merritt 0-0: Ball
1-0: Ball
2-0: Ball
3-0: Called Strike
3-1: Fly out, F8 (Line Drive, 8LD, EV 95.6 MPH)
Batting: SHB Ryan Marsh 0-0: Ball
1-0: Foul Ball, location: 2F
1-1: Ball
2-1: Ball
3-1: SOLO HOME RUN (Flyball, 89XD, EV 101.9 MPH), Distance : 419 ft
Batting: RHB James Lewis 0-0: Ball
1-0: Ball
2-0: Ball
3-0: Foul Ball, location: 2F
3-1: Base on Balls
Batting: LHB Stuart Parker 0-0: Ball
1-0: Swinging Strike
1-1: Called Strike
1-2: Foul Ball, location: 2F
1-2: Strikes out swinging
Batting: RHB D.J. Sheldon 0-0: Ground out 6-3 (Groundball, P, EV 86.9 MPH)
Top of the 3rd over - 1 run, 1 hit, 0 errors, 1 left on base; University of Illinois 1 - Ohio State University 0
BOTTOM OF THE 3RD
Ohio State University Buckeyes batting - Pitching for University of Illinois Fighting Illini : RHP Luis Pena
Batting: RHB Alvaro Millan 0-0: Ball
1-0: Ball
2-0: Swinging Strike
2-1: Ground out 6-3 (Groundball, 6, EV 106.2 MPH)
Batting: LHB Anthony Ross 0-0: Fly out, F3 (Line Drive, 34, EV 70.6 MPH)
Batting: LHB Zach Brandt 0-0: Ball
1-0: Ball
2-0: Foul Ball, location: 2F
2-1: Foul Ball, location: 2F
2-2: Foul Ball, location: 2F
2-2: Ground out 5-3 (Groundball, 56, EV 98.1 MPH)
Bottom of the 3rd over - 0 runs, 0 hits, 0 errors, 0 left on base; University of Illinois 1 - Ohio State University 0
TOP OF THE 4TH
University of Illinois Fighting Illini batting - Pitching for Ohio State University Buckeyes : LHP Omar Garcia
Batting: RHB Lance Borgen 0-0: Called Strike
0-1: Ground out 6-3 (Groundball, 6, EV 83.8 MPH)
Batting: RHB Matt Lapthorne 0-0: Called Strike
0-1: Foul Ball, location: 2F
0-2: Ball
1-2: Ground out 5-3 (Groundball, 56S, EV 89.4 MPH)
Batting: RHB Omar Cruz 0-0: Called Strike
0-1: Swinging Strike
0-2: Strikes out swinging
Top of the 4th over - 0 runs, 0 hits, 0 errors, 0 left on base; University of Illinois 1 - Ohio State University 0
BOTTOM OF THE 4TH
Ohio State University Buckeyes batting - Pitching for University of Illinois Fighting Illini : RHP Luis Pena
Pitching: RHP Damien Blot
Batting: RHB Tristan Gimple 0-0: SINGLE (Groundball, 4MD, EV 97.5 MPH)
Batting: RHB David Guillen 0-0: Ball
1-0: Swinging Strike
1-1: Foul Ball, location: 2F
1-2: Ball
2-2: Strikes out swinging
Batting: LHB Chris Perry 0-0: Foul Ball, location: 2F
0-1: Ball
1-1: Foul Ball, location: 2F
1-2: Ball
Passed Ball!
Tristan Gimple to second
2-2: Ball
3-2: Strikes out swinging
Batting: RHB Bo Wu 0-0: Called Strike
0-1: Ball
1-1: Foul Ball, location: 2F
1-2: Ball
2-2: Ball
3-2: Fly out, F8 (Flyball, 8LS, EV 90.6 MPH)
Bottom of the 4th over - 0 runs, 1 hit, 0 errors, 1 left on base; University of Illinois 1 - Ohio State University 0
TOP OF THE 5TH
University of Illinois Fighting Illini batting - Pitching for Ohio State University Buckeyes : LHP Omar Garcia
Pitching: RHP Javier Puente
Now at 3B: Mike Goodrich
Now in LF: John King
Batting: RHB Joe Kirschner 0-0: Called Strike
0-1: Swinging Strike
0-2: Foul Ball, location: 2F
0-2: Strikes out swinging
Batting: RHB Bobby Merritt 0-0: Called Strike
0-1: Foul Ball, location: 2F
0-2: Strikes out swinging
Batting: SHB Ryan Marsh 0-0: Ground out 3-1 (Groundball, 34, EV 84.4 MPH)
Top of the 5th over - 0 runs, 0 hits, 0 errors, 0 left on base; University of Illinois 1 - Ohio State University 0
BOTTOM OF THE 5TH
Ohio State University Buckeyes batting - Pitching for University of Illinois Fighting Illini : RHP Damien Blot
Pitching: RHP Mo Teoh
Now at C: Cody Hale Jr.
Now at 2B: Lynn Shere
Now at 3B: Eddie Castro
Now in RF: Hector Flores
Batting: LHB Adam Simpson 0-0: Called Strike
0-1: Swinging Strike
0-2: SINGLE (Flyball, 56D, EV 82.5 MPH)
Batting: RHB Joe Costner 0-0: Ball
Adam Simpson steals 2nd base
1-0: Ground out 5-3 (Groundball, 56, EV 89.4 MPH)
Pinch Hitting: RHB Masatoshi Mori 0-0: Ball
1-0: Called Strike
1-1: Fly out, F9 (Flyball, 9S, EV 88.1 MPH)
Batting: LHB John King 0-0: Foul Ball, location: 2F
0-1: Ball
1-1: Ball
2-1: Called Strike
2-2: Foul Ball, location: 2F
2-2: Ball
3-2: SINGLE (Groundball, 6D, EV 96.2 MPH)
Adam Simpson to third
Runner from 3rd tries for Home, SAFE, throw by CF to home
John King to second
Batting: RHB Mike Goodrich 0-0: Ball
1-0: SINGLE (Groundball, 56D, EV 103.1 MPH)
John King to third
Runner from 3rd tries for Home, SAFE, throw by LF to home
Pinch Hitting: RHB Marcelo Bardelli 0-0: Called Strike
0-1: Ball
1-1: Fielders Choice at 2nd, U4 (Groundball, 4M, EV 80.0 MPH)
Bottom of the 5th over - 2 runs, 3 hits, 0 errors, 1 left on base; University of Illinois 1 - Ohio State University 2
TOP OF THE 6TH
University of Illinois Fighting Illini batting - Pitching for Ohio State University Buckeyes : RHP Javier Puente
Now at C: Josh Dinsmore
Now at 1B: Ben Callaway
Now at SS: Jacob Carrano
Now in RF: Dan Hummel
Batting: RHB Lynn Shere 0-0: Ball
1-0: Ball
2-0: Ball
3-0: Called Strike
3-1: SOLO HOME RUN (Flyball, 8LXD, EV 108.1 MPH), Distance : 450 ft
Batting: LHB Stuart Parker 0-0: Ball
1-0: Ball
2-0: Foul Ball, location: 2F
2-1: Called Strike
2-2: Ball
3-2: Strikes out swinging
Batting: RHB D.J. Sheldon 0-0: Ball
1-0: Ball
2-0: Called Strike
2-1: Ground out 6-3 (Groundball, 6, EV 104.4 MPH)
Batting: LHB Eddie Castro 0-0: Ball
1-0: Foul Ball, location: 2F
1-1: Foul Ball, location: 2F
1-2: Foul Ball, location: 2F
1-2: Strikes out swinging
Top of the 6th over - 1 run, 1 hit, 0 errors, 0 left on base; University of Illinois 2 - Ohio State University 2
BOTTOM OF THE 6TH
Ohio State University Buckeyes batting - Pitching for University of Illinois Fighting Illini : RHP Mo Teoh
Pitching: RHP Ross Ledford
Pinch Hitting: RHB Mike Tarantino 0-0: Ball
1-0: Foul Ball, location: 2F
1-1: Foul Ball, location: 2F
1-2: Ball
2-2: Ground out 1-3 (Groundball, 34S, EV 73.8 MPH)
Batting: RHB Jacob Carrano 0-0: Foul Ball, location: 2F
0-1: Ball
1-1: Called Strike
1-2: Ball
2-2: Foul Ball, location: 2F
2-2: Foul Ball, location: 2F
2-2: Foul Ball, location: 2F
2-2: Strikes out swinging
Batting: RHB Harry Jerome 0-0: Swinging Strike
0-1: Fly out, F6 (Popup, 6, EV 66.9 MPH)
Bottom of the 6th over - 0 runs, 0 hits, 0 errors, 0 left on base; University of Illinois 2 - Ohio State University 2
TOP OF THE 7TH
University of Illinois Fighting Illini batting - Pitching for Ohio State University Buckeyes : RHP Javier Puente
Pitching: LHP Jordan Garcia
Now at 2B: Mike Tarantino
Batting: SHB Cody Hale Jr. 0-0: Called Strike
0-1: Ball
1-1: Swinging Strike
1-2: Ball
2-2: Ball
3-2: Strikes out swinging
Batting: SHB Bernie Gallegos 0-0: Swinging Strike
0-1: Ball
1-1: Swinging Strike
1-2: Foul Ball, location: 2F
1-2: Ball
2-2: Ball
3-2: Strikes out swinging
Batting: RHB Joe Kirschner 0-0: Ball
1-0: Ball
2-0: Ball
3-0: Base on Balls
Batting: RHB Hector Flores 0-0: Ball
1-0: Called Strike
1-1: Foul Ball, location: 2F
1-2: Fly out, F9 (Flyball, 89XD, EV 100.6 MPH)
Top of the 7th over - 0 runs, 0 hits, 0 errors, 1 left on base; University of Illinois 2 - Ohio State University 2
BOTTOM OF THE 7TH
Ohio State University Buckeyes batting - Pitching for University of Illinois Fighting Illini : RHP Ross Ledford
Pitching: LHP Eric James
Batting: LHB Ben Callaway 0-0: Ball
1-0: Ball
2-0: Foul Ball, location: 2F
2-1: Ball
3-1: Base on Balls
Batting: RHB Joe Costner 0-0: Ball
1-0: Sac Bunt to 5S - play at first, batter OUT! 5-4
Ben Callaway to second
Batting: RHB Josh Dinsmore 0-0: Foul Ball, location: 2F
0-1: Ball
1-1: Foul Ball, location: 2F
1-2: Ball
2-2: Foul Ball, location: 2F
2-2: Ball
3-2: Foul Ball, location: 2F
3-2: Base on Balls
Batting: LHB John King 0-0: DOUBLE (Line Drive, 78D, EV 112.5 MPH)
Ben Callaway scores
Josh Dinsmore to third
Batting: RHB Mike Goodrich 0-0: Called Strike
0-1: Swinging Strike
0-2: Ball
1-2: SINGLE (Line Drive, 89M, EV 87.5 MPH)
Josh Dinsmore scores
John King to third
Batting: LHB Dan Hummel 0-0: Ball
1-0: Ball
2-0: Ball
3-0: Called Strike
3-1: Called Strike
3-2: Fly out, F7 (Flyball, 7S, EV 90.6 MPH)
Pitching: LHP Arturo Majana
Batting: RHB Mike Tarantino 0-0: Foul Ball, location: 2F
0-1: Called Strike
0-2: Ball
1-2: Ball
2-2: Foul Ball, location: 2F
2-2: Fly out, F9 (Flyball, 89M, EV 93.1 MPH)
Bottom of the 7th over - 2 runs, 2 hits, 0 errors, 2 left on base; University of Illinois 2 - Ohio State University 4
TOP OF THE 8TH
University of Illinois Fighting Illini batting - Pitching for Ohio State University Buckeyes : LHP Jordan Garcia
Pitching: RHP Alan Wingate
Batting: SHB Ryan Marsh 0-0: Called Strike
0-1: Fly out, F9 (Flyball, 9, EV 93.8 MPH)
Batting: RHB Lynn Shere 0-0: Ball
1-0: Fly out, F6 (Popup, 6MD, EV 40.6 MPH)
Pitching: LHP Adrien Leroy
Batting: LHB Stuart Parker 0-0: Ball
1-0: Ball
2-0: DOUBLE (Flyball, 9LD, EV 97.5 MPH)
Batting: RHB D.J. Sheldon 0-0: Called Strike
0-1: 2-RUN HOME RUN (Line Drive, 7LD, EV 112.5 MPH), Distance : 421 ft
Batting: LHB Eddie Castro 0-0: Ball
1-0: Ball
2-0: Ball
3-0: Called Strike
3-1: Fly out, F7 (Line Drive, 7, EV 92.5 MPH)
Top of the 8th over - 2 runs, 2 hits, 0 errors, 0 left on base; University of Illinois 4 - Ohio State University 4
BOTTOM OF THE 8TH
Ohio State University Buckeyes batting - Pitching for University of Illinois Fighting Illini : LHP Arturo Majana
Batting: RHB Jacob Carrano 0-0: Swinging Strike
0-1: Foul Ball, location: 2F
0-2: Foul Ball, location: 2F
0-2: Strikes out looking
Batting: RHB Harry Jerome 0-0: Called Strike
0-1: Swinging Strike
0-2: Ball
1-2: Ball
2-2: Strikes out swinging
Batting: LHB Ben Callaway 0-0: Called Strike
0-1: Foul Ball, location: 2F
0-2: Foul Ball, location: 2F
0-2: Ball
1-2: Foul Ball, location: 2F
1-2: Ball
2-2: SINGLE (Flyball, 8RS, EV 91.2 MPH)
Batting: RHB Joe Costner 0-0: Ball
1-0: Foul Ball, location: 2F
1-1: Foul Ball, location: 2F
1-2: Ball
2-2: DOUBLE (Line Drive, 5D, EV 99.4 MPH)
Ben Callaway to third
Pitching: RHP Ben Robinson
Batting: RHB Josh Dinsmore 0-0: Ball
1-0: Fly out, F7 (Line Drive, 7, EV 95.0 MPH)
Bottom of the 8th over - 0 runs, 2 hits, 0 errors, 2 left on base; University of Illinois 4 - Ohio State University 4
TOP OF THE 9TH
University of Illinois Fighting Illini batting - Pitching for Ohio State University Buckeyes : LHP Adrien Leroy
Pitching: RHP Bob Rowsell
Batting: SHB Cody Hale Jr. 0-0: Ball
1-0: Ball
2-0: Swinging Strike
2-1: Foul Ball, location: 2F
2-2: Ball
3-2: Base on Balls
Batting: SHB Bernie Gallegos 0-0: Sac Bunt to 23 - play at first, batter OUT! 3-4
Cody Hale Jr. to second
Batting: RHB Joe Kirschner 0-0: Called Strike
0-1: Called Strike
0-2: Ball
1-2: Foul Ball, location: 2F
1-2: Strikes out looking
Batting: RHB Hector Flores 0-0: Called Strike
0-1: Ball
1-1: Ball
2-1: Foul Ball, location: 2F
2-2: Foul Ball, location: 2F
2-2: Foul Ball, location: 2F
2-2: Ball
3-2: Foul Ball, location: 2F
3-2: Strikes out swinging
Top of the 9th over - 0 runs, 0 hits, 0 errors, 1 left on base; University of Illinois 4 - Ohio State University 4
BOTTOM OF THE 9TH
Ohio State University Buckeyes batting - Pitching for University of Illinois Fighting Illini : RHP Ben Robinson
Batting: LHB John King 0-0: Called Strike
0-1: Ground out 4-3 (Groundball, 4, EV 82.5 MPH)
Batting: RHB Mike Goodrich 0-0: Fly out, F8 (Flyball, 89D, EV 100.6 MPH)
Batting: LHB Dan Hummel 0-0: Swinging Strike
0-1: Fly out, F8 (Flyball, 8LD, EV 73.1 MPH)
Bottom of the 9th over - 0 runs, 0 hits, 0 errors, 0 left on base; University of Illinois 4 - Ohio State University 4
TOP OF THE 10TH
University of Illinois Fighting Illini batting - Pitching for Ohio State University Buckeyes : RHP Bob Rowsell
Pitching: RHP Ben Fekete
Batting: SHB Ryan Marsh 0-0: Called Strike
0-1: Ball
1-1: Fly out, F3 (Popup, 3L, EV 61.2 MPH)
Pinch Hitting: LHB Matt Highfill 0-0: Foul Ball, location: 2F
0-1: Foul Ball, location: 2F
0-2: Ground out U3 (Groundball, 3, EV 80.6 MPH)
Batting: LHB Stuart Parker 0-0: Called Strike
0-1: Foul Ball, location: 2F
0-2: Ball
1-2: Ball
2-2: Foul Ball, location: 2F
2-2: Ball
3-2: Strikes out looking
Top of the 10th over - 0 runs, 0 hits, 0 errors, 0 left on base; University of Illinois 4 - Ohio State University 4
BOTTOM OF THE 10TH
Ohio State University Buckeyes batting - Pitching for University of Illinois Fighting Illini : RHP Ben Robinson
Pitching: RHP Joe Seekatz
Now at 2B: Matt Highfill
Pinch Hitting: RHB Bill Daniel 0-0: Called Strike
0-1: Ground out 3-1 (Groundball, 34S, EV 95.0 MPH)
Batting: RHB Jacob Carrano 0-0: Called Strike
0-1: Ball
1-1: Fly out, F8 (Flyball, 8RD, EV 103.8 MPH)
Batting: RHB Rodolfo Lrio 0-0: Called Strike
0-1: Ground out 6-3 (Groundball, 56, EV 106.2 MPH)
Bottom of the 10th over - 0 runs, 0 hits, 0 errors, 0 left on base; University of Illinois 4 - Ohio State University 4
TOP OF THE 11TH
University of Illinois Fighting Illini batting - Pitching for Ohio State University Buckeyes : RHP Ben Fekete
Pitching: RHP Neville MacDonald
Now at 2B: Bill Daniel
Batting: RHB D.J. Sheldon 0-0: Ball
1-0: Called Strike
1-1: Ball
2-1: Foul Ball, location: 2F
2-2: Ball
3-2: Base on Balls
Batting: LHB Eddie Castro 0-0: Grounds out, U3 (Groundball, 3L, EV 95.0 MPH)
Batting: SHB Cody Hale Jr. 0-0: Swinging Strike
0-1: Ball
1-1: Ball
2-1: Foul Ball, location: 2F
2-2: Strikes out swinging
Batting: SHB Bernie Gallegos 0-0: Ball
1-0: Fly out, F7 (Flyball, 7D, EV 105.6 MPH)
Top of the 11th over - 0 runs, 0 hits, 0 errors, 1 left on base; University of Illinois 4 - Ohio State University 4
BOTTOM OF THE 11TH
Ohio State University Buckeyes batting - Pitching for University of Illinois Fighting Illini : RHP Joe Seekatz
Pitching: RHP Bryan Schauman
Batting: LHB Ben Callaway 0-0: Foul Ball, location: 2F
0-1: Foul Ball, location: 2F
0-2: Strikes out swinging
Batting: RHB Joe Costner 0-0: Foul Ball, location: 2F
0-1: SINGLE (Groundball, 56D, EV 105.6 MPH)
Batting: RHB Josh Dinsmore 0-0: Ball
1-0: Called Strike
1-1: Ball
Joe Costner steals 2nd base
2-1: Intentional Walk
Batting: LHB John King 0-0: Called Strike
0-1: Ball
1-1: Foul Ball, location: 2F
1-2: Fly out, F8 (Flyball, 8RD, EV 99.4 MPH)
Batting: RHB Mike Goodrich 0-0: Swinging Strike
0-1: Ball
1-1: Ball
2-1: Swinging Strike
2-2: Strikes out swinging
Bottom of the 11th over - 0 runs, 1 hit, 0 errors, 2 left on base; University of Illinois 4 - Ohio State University 4
TOP OF THE 12TH
University of Illinois Fighting Illini batting - Pitching for Ohio State University Buckeyes : RHP Neville MacDonald
Pitching: RHP Eric Long
Batting: RHB Joe Kirschner 0-0: Ball
1-0: Called Strike
1-1: SINGLE (Line Drive, 78S, EV 88.1 MPH)
Batting: RHB Hector Flores 0-0: Called Strike
0-1: Called Strike
0-2: Ball
1-2: Foul Ball, location: 2F
1-2: Strikes out swinging
Batting: SHB Ryan Marsh 0-0: Called Strike
0-1: Swinging Strike
0-2: Foul Ball, location: 2F
0-2: Ball
1-2: Foul Ball, location: 2F
1-2: Strikes out swinging
Batting: LHB Matt Highfill 0-0: Swinging Strike
0-1: Foul Ball, location: 2F
0-2: Strikes out swinging
Top of the 12th over - 0 runs, 1 hit, 0 errors, 1 left on base; University of Illinois 4 - Ohio State University 4
BOTTOM OF THE 12TH
Ohio State University Buckeyes batting - Pitching for University of Illinois Fighting Illini : RHP Bryan Schauman
Pitching: LHP Ryan Bradshaw
Batting: LHB Dan Hummel 0-0: Called Strike
0-1: Ball
1-1: Ball
2-1: Ball
3-1: Fly out, F7 (Flyball, 7, EV 90.0 MPH)
Batting: RHB Bill Daniel 0-0: Ball
1-0: Ball
2-0: Ground out 3-1 (Groundball, 34S, EV 81.2 MPH)
Batting: RHB Jacob Carrano 0-0: Called Strike
0-1: Ball
1-1: Ball
2-1: Foul Ball, location: 2F
2-2: Strikes out looking
Bottom of the 12th over - 0 runs, 0 hits, 0 errors, 0 left on base; University of Illinois 4 - Ohio State University 4
TOP OF THE 13TH
University of Illinois Fighting Illini batting - Pitching for Ohio State University Buckeyes : RHP Eric Long
Pitching: LHP Duane Simmons
Batting: LHB Stuart Parker 0-0: Ball
1-0: Swinging Strike
1-1: Fly out, F8 (Line Drive, 8RD, EV 102.5 MPH)
Batting: RHB D.J. Sheldon 0-0: Foul Ball, location: 2F
0-1: Ball
1-1: Ball
2-1: Fly out, F7 (Flyball, 7, EV 89.4 MPH)
Batting: LHB Eddie Castro 0-0: Called Strike
0-1: Called Strike
0-2: Ball
1-2: Foul Ball, location: 2F
1-2: Strikes out looking
Top of the 13th over - 0 runs, 0 hits, 0 errors, 0 left on base; University of Illinois 4 - Ohio State University 4
BOTTOM OF THE 13TH
Ohio State University Buckeyes batting - Pitching for University of Illinois Fighting Illini : LHP Ryan Bradshaw
Pitching: LHP Adam Green
Batting: RHB Rodolfo Lrio 0-0: Ball
1-0: Foul Ball, location: 2F
1-1: Swinging Strike
1-2: Foul Ball, location: 2F
1-2: Ball
2-2: Strikes out looking
Batting: LHB Ben Callaway 0-0: Ball
1-0: Called Strike
1-1: Called Strike
1-2: Foul Ball, location: 2F
1-2: Ball
2-2: Fly out, F6 (Popup, 56D, EV 70.6 MPH)
Batting: RHB Joe Costner 0-0: Ball
1-0: Ball
2-0: Foul Ball, location: 2F
2-1: Called Strike
2-2: Ground out 5-3 (Groundball, 56S, EV 65.6 MPH)
Bottom of the 13th over - 0 runs, 0 hits, 0 errors, 0 left on base; University of Illinois 4 - Ohio State University 4
TOP OF THE 14TH
University of Illinois Fighting Illini batting - Pitching for Ohio State University Buckeyes : LHP Duane Simmons
Pitching: RHP Roberto Morado
Batting: SHB Cody Hale Jr. 0-0: Ball
1-0: Ball
2-0: Ground out 4-3 (Groundball, 4M, EV 88.8 MPH)
Batting: SHB Bernie Gallegos 0-0: Fly out, F8 (Flyball, 8LM, EV 85.0 MPH)
Batting: RHB Joe Kirschner 0-0: Swinging Strike
0-1: Ball
1-1: Foul Ball, location: 2F
1-2: Ball
2-2: Foul Ball, location: 2F
2-2: SINGLE (Groundball, 4MD, EV 103.1 MPH)
Batting: RHB Hector Flores 0-0: Fielders Choice at 2nd, 6-4 (Groundball, 6, EV 89.4 MPH)
Top of the 14th over - 0 runs, 1 hit, 0 errors, 1 left on base; University of Illinois 4 - Ohio State University 4
BOTTOM OF THE 14TH
Ohio State University Buckeyes batting - Pitching for University of Illinois Fighting Illini : LHP Adam Green
Pitching: LHP Andy Martin
Batting: RHB Josh Dinsmore 0-0: Swinging Strike
0-1: Swinging Strike
0-2: Fly out, F8 (Flyball, 89XD, EV 96.9 MPH)
Batting: LHB John King 0-0: Called Strike
0-1: Ball
1-1: SINGLE (Groundball, 3S, EV 70.0 MPH) (infield hit)
Batting: RHB Mike Goodrich 0-0: Called Strike
0-1: Ball
1-1: Foul Ball, location: 2F
1-2: Strikes out swinging
Batting: LHB Dan Hummel 0-0: Called Strike
0-1: Swinging Strike
0-2: Ball
1-2: Foul Ball, location: 2F
1-2: Strikes out looking
Bottom of the 14th over - 0 runs, 1 hit, 0 errors, 1 left on base; University of Illinois 4 - Ohio State University 4
TOP OF THE 15TH
University of Illinois Fighting Illini batting - Pitching for Ohio State University Buckeyes : RHP Roberto Morado
Pitching: RHP Andy Hollis
Batting: SHB Ryan Marsh 0-0: Called Strike
0-1: Foul Ball, location: 2F
0-2: Ground out 4-3 (Groundball, 4, EV 108.8 MPH)
Batting: LHB Matt Highfill 0-0: Foul Ball, location: 2F
0-1: Swinging Strike
0-2: Ball
1-2: Strikes out swinging
Batting: LHB Stuart Parker 0-0: Ball
1-0: Foul Ball, location: 2F
1-1: Ball
2-1: Ball
3-1: Base on Balls
Batting: RHB D.J. Sheldon 0-0: Ball
1-0: Ball
2-0: Called Strike
2-1: Ball
3-1: Foul Ball, location: 2F
3-2: Fly out, F8 (Flyball, 8LD, EV 91.9 MPH)
Top of the 15th over - 0 runs, 0 hits, 0 errors, 1 left on base; University of Illinois 4 - Ohio State University 4
BOTTOM OF THE 15TH
Ohio State University Buckeyes batting - Pitching for University of Illinois Fighting Illini : LHP Andy Martin
Batting: RHB Bill Daniel 0-0: Ball
1-0: Ball
2-0: Foul Ball, location: 2F
2-1: Ball
3-1: Called Strike
3-2: Base on Balls
Batting: RHB Jacob Carrano 0-0: Called Strike
0-1: Hit by Pitch
Bill Daniel to second
Batting: RHB Kyle Collins 0-0: Ball
1-0: Bunted foul
1-1: Sac Bunt to 25 - play at first, batter OUT! 5-4
Bill Daniel to third
Jacob Carrano to second
Batting: LHB Ben Callaway 0-0: Intentional Walk
Batting: RHB Joe Costner 0-0: Called Strike
0-1: Ball
1-1: Ball
2-1: TRIPLE (Flyball, 89XD, EV 95.6 MPH)
Bill Daniel scores
Bottom of the 15th over - 1 run, 1 hit, 0 errors, 3 left on base; University of Illinois 4 - Ohio State University 5
Sunday, July 16th , 2023 - OOTP Baseball 24.6 Build 69